 Dungeon Crawl Stone Soup version 0.31-a0-1074-g0b22e4e0f1 (webtiles) character file.

Game seed: 3327105113388897150

307 wildpjah the Covert (level 6, -6/41 HPs)
             Began as an Octopode Brigand on Nov 27, 2023.
             Mangled by a phantom (7 damage)
             ... on level 5 of the Dungeon.
             The game lasted 00:07:38 (3165 turns).

wildpjah the Covert (Octopode Brigand)              Turns: 3165, Time: 00:07:38

Health: -6/41      AC:  1    Str: 10    XL:     6   Next: 40%
Magic:  6/6        EV: 14    Int: 13    God:
Gold:   168        SH:  0    Dex: 16    Spells: 5/5 levels left

rFire   . . .        a - +2 dagger
rCold   . . .        (no shield)
rNeg    . . .        (helmet restricted)
rPois   .            (no amulet)
rElec   .            (no ring)
rCorr   .            (no ring)
SInv    .            (no ring)
Will    .....        (no ring)
Stlth   +++++        (no ring)
HPRegen 0.26/turn    (no ring)
MPRegen 0.10/turn    (no ring)
                     (no ring)

%: no passive effects
@: no status effects
A: almost no armour, amphibious, 8 rings, camouflage 1, gelatinous body 1,
(nimble swimmer 1), tentacles
a: no special abilities


You were on level 5 of the Dungeon.
You visited 1 branch of the dungeon, and saw 5 of its levels.

You collected 168 gold pieces.

Inventory:

Hand Weapons
 a - a +2 dagger (weapon)
 n - a +2 falchion of holy wrath
Missiles
 b - 17 poisoned darts (quivered)
 c - 3 curare-tipped darts
 i - 3 atropa-tipped darts
Jewellery
 p - a ring of positive energy
Wands
 v - a wand of roots (11)
Scrolls
 d - 3 scrolls of teleportation {unknown}
 e - 2 scrolls of amnesia {unknown}
 f - 3 scrolls of identify {unknown}
 l - a scroll of enchant armour {unknown}
 r - a scroll of fog {unknown}
 s - a scroll of fear {unknown}
 u - a scroll of immolation {unknown}
Potions
 g - 2 potions of might {unknown}
 h - a potion of resistance {unknown}
 j - 2 potions of mutation {unknown}
 k - 3 potions of curing {unknown}
 m - a potion of enlightenment {unknown}
 o - a potion of heal wounds {unknown}
 q - a potion of lignification {unknown}
 t - a potion of attraction {unknown}


   Skills:
 + Level 2.4 Fighting
 + Level 3.3 Short Blades
 + Level 2.1 Throwing
 * Level 2.7 Dodging
 + Level 8.5 Stealth


You had 5 spell levels left.
You didn't know any spells.
Your spell library contained the following spells:

 Spells                   Type           Power      Damage    Failure   Level
 Dazzling Flash           Conj/Hex       0%         N/A       67%         3
 Agony                    Necr           0%         N/A       100%        5
 Silence                  Hex/Air        0%         N/A       100%        5


Dungeon Overview and Level Annotations

Branches:
Dungeon (5/15)
 Temple: D:4-7

Altars:


Innate Abilities, Weirdness & Mutations

You cannot wear most types of armour.
You are amphibious.
You can wear up to eight rings at the same time.
Your skin changes colour to match your surroundings (Stealth+).
Your rubbery body absorbs attacks. (AC +1, EV +1)
((You are camouflaged when in or above water. (Stealth+)))
You have tentacles for arms and can constrict up to eight enemies at once.


Message History

You hear some strange, mumbled words.
You are confused.
You closely miss something. Your squeeze misses something.
You hear some strange, mumbled words.
A magic dart appears from out of thin air!
The magic dart hits you!
You bump into the stone wall.
Something hits you but does no damage.
You closely miss something.
You hear some strange, mumbled words.
A puff of flame appears from out of thin air!
The puff of flame hits you!
* * * LOW HITPOINT WARNING * * *
You bump into the stone wall.
Something hits you.
* * * LOW HITPOINT WARNING * * *
The phantom barely misses you.
You hit something.
An orc wizard appears from thin air!
Reactivating autopickup.
The orc wizard hits you with a +0 dagger.
* * * LOW HITPOINT WARNING * * *
The phantom misses you.
You completely miss the orc wizard. Your squeeze misses the orc wizard.
The orc wizard is lightly wounded.
The orc wizard hits you with a +0 dagger.
* * * LOW HITPOINT WARNING * * *
You hit the orc wizard but do no damage.
The orc wizard is lightly wounded.
The phantom closely misses you.
You bump into the rock wall.
You feel less confused.
The orc shouts!
The orc wizard gestures wildly while chanting.
The orc wizard flickers and vanishes!
Deactivating autopickup; reactivate with Ctrl-A.
The phantom closely misses you.
You hit the phantom.
The phantom is lightly damaged.
Something hits you.
* * * LOW HITPOINT WARNING * * *
The phantom hits you!
You die...

#### ..... ......
#......# #......#
###.#############......##
.......W@{....o........>#
##....#########.........#
#... #.........# #.W
#.........# #.
#.........# # #########.#
#.# #.# #. #.#


You could see a phantom and an orc.

Vanquished Creatures
  A hound (D:4)
  An orc priest (D:4)
  4 iguanas
  An orc wizard (D:4)
  4 adders
  2 worms
  2 dart slugs
  4 orcs
  2 ball pythons
  6 endoplasms
  2 giant cockroaches
  6 goblins
  6 hobgoblins
  3 jackals (D:3)
  9 kobolds
  5 quokkas
  7 bats
  3 frilled lizards
  6 rats
74 creatures vanquished.

Notes
Turn   | Place    | Note
-------+----------+-------------------------------------------
     0 | D:1      | wildpjah the Octopode Brigand began the quest for the Orb.
     0 | D:1      | Reached XP level 1. HP: 14/14 MP: 1/1
   128 | D:1      | Reached XP level 2. HP: 19/19 MP: 2/2
   133 | D:1      | Reached skill level 6 in Stealth
   517 | D:1      | Reached XP level 3. HP: 24/24 MP: 3/3
  1327 | D:2      | Reached XP level 4. HP: 29/29 MP: 4/4
  1335 | D:2      | Found a faded altar of an unknown god.
  1739 | D:3      | Reached skill level 7 in Stealth
  1913 | D:3      | Reached XP level 5. HP: 15/34 MP: 5/5
  2914 | D:4      | Reached skill level 8 in Stealth
  2914 | D:4      | Reached XP level 6. HP: 33/40 MP: 6/6
  3071 | D:5      | Entered Level 5 of the Dungeon
  3165 | D:5      | HP: 1/41 [something (4)]
  3165 | D:5      | Mangled by a phantom

Illustrated notes

Levels and vault maps discovered:
D:1:      eino_arrival_tree_alley, layout_basic
D:2:      layout_basic, hellmonk_ecumenical_altar_inner_sanctum,
          minmay_indecisive_spiral
D:3:      layout_rooms, hangedman_decor_push
D:4:      layout_basic
D:5:      layout_basic, minitemple

Skill      XL: |  1  2  3  4  5 |
---------------+----------------+-----
Stealth        | 6 7 8 |  8.5
Dodging        | 2 |  2.7
Short Blades   | 3 |  3.3
Fighting       | |  2.4
Throwing       | |  2.1

Action                     |  1- 3 |  4- 6 || total
---------------------------+-------+-------++-------
  Melee: Dagger            |    62 |    91 ||   153
         Tentacles         |     8 |    18 ||    26
         Constrict         |     7 |    16 ||    23
         Punch             |     1 |     1 ||     2
   Stab: Sleeping          |    17 |    14 ||    31
         Distracted        |     2 |       ||     2
 Armour: Skin              |    23 |    46 ||    69
  Dodge: Dodged            |    23 |    51 ||    74

Table legend: (Time is in decaauts)
 A = Elapsed time spent in this place.
 B = Non-inter-level travel time spent in this place.
 C = Inter-level travel time spent in this place.
 D = Time resting spent in this place.
 E = Time spent auto-exploring this place.
 F = Levels seen in this place.
 G = Mean time per level.
                   A        B        C        D        E       F      G
               +--------+--------+--------+--------+--------+-----+--------+
         Total |   3143 |   3084 |     59 |      0 |   2554 |   5 |  628.6 |
       Dungeon |   3143 |   3084 |     59 |      0 |   2554 |   5 |  628.6 |
               +--------+--------+--------+--------+--------+-----+--------+

Top non-repeatable levels by time:
     D:1: 861 daAuts
     D:4: 827 daAuts
     D:2: 815 daAuts
     D:3: 547 daAuts
     D:5: 91 daAuts
